 Dungeon Crawl Stone Soup version 0.22-a0-542-gce4f928 (webtiles) character file.

4568 kae the Carver (level 10, -5/90 HPs)
             Began as a Minotaur Fighter on June 24, 2018.
             Was a Believer of Makhleb.
             Slain by a two-headed ogre
             ... wielding a +0 giant club
              (13 damage)
             ... on level 8 of the Dungeon.
             The game lasted 00:06:07 (6906 turns).

kae the Carver (Minotaur Fighter)                   Turns: 6906, Time: 00:06:07

Health: -5/90      AC: 14    Str: 23    XL:     10   Next: 18%
Magic:  20/20      EV:  7    Int:  6    God:    Makhleb [**....]
Gold:   317        SH:  9    Dex: 10    Spells: 9/9 levels left

rFire    . . .     SeeInvis +   a - +1 long sword
rCold    . . .     Gourm    .   c - +0 shield
rNeg     . . .     Faith    .   v - +1 plate armour
rPois    .         Spirit   .   (helmet restricted)
rElec    .         Reflect  .   (no cloak)
rCorr    .         Harm     .   (no gloves)
MR       .....                  (no boots)
Stlth    ..........             (no amulet)
HPRegen  0.25/turn              l - ring of see invisible
MPRegen  0.17/turn              u - ring of magical power

@: no status effects
A: retaliatory headbutt, horns 2
a: Minor Destruction, Renounce Religion


You were on level 8 of the Dungeon.
You worshipped Makhleb.
Makhleb was pleased with you.
You were not hungry.

You visited 2 branches of the dungeon, and saw 9 of its levels.

You collected 317 gold pieces.

Inventory:

Hand Weapons
 a - a +1 long sword (weapon)
Armour
 c - a +0 shield (worn)
 v - a +1 plate armour (worn)
Jewellery
 l - a ring of see invisible (left hand)
 n - an uncursed ring of stealth
 u - a ring of magical power (right hand)
Wands
 p - a wand of flame (4)
 t - a wand of paralysis (11)
Scrolls
 g - 2 scrolls of teleportation
 h - a scroll of enchant weapon
 o - a scroll of amnesia
 q - a scroll of fog
 s - a scroll of remove curse
Potions
 d - 3 potions of flight
 e - a potion of ambrosia {unknown}
 j - a potion of agility
 k - 3 potions of lignification
 r - a potion of brilliance {unknown}
 x - 8 potions of curing {unknown}
 z - a potion of haste {unknown}
 B - a potion of cancellation {unknown}
Comestibles
 f - 20 rations


   Skills:
 + Level 8.5 Fighting
 * Level 11.1 Long Blades
 + Level 8.6 Armour
 + Level 7.0 Dodging
 - Level 3.6 Shields
 + Level 3.1 Invocations


You had 9 spell levels left.
You didn't know any spells.
Your spell library was empty.

Dungeon Overview and Level Annotations

Branches:
Dungeon (8/15)             Temple (1/1) D:6
   Lair: D:8-11

Altars:
Ashenzari
Cheibriados
Dithmenos
Elyvilon
Fedhas
Gozag
Hepliaklqana
Kikubaaqudgha
Makhleb
Nemelex Xobeh
Okawaru
Qazlal
Ru
Sif Muna
Trog
Uskayaw
Vehumet
Wu Jian
Xom
Yredelemnul
Zin
The Shining One


Innate Abilities, Weirdness & Mutations

You reflexively headbutt those who attack you in melee.
You have a pair of horns on your head.


Message History

You are too injured to fight recklessly!
You are too injured to fight recklessly!
Your plate armour prevents you from hitting the two-headed ogre.
The two-headed ogre is heavily wounded.
You slash the two-headed ogre!
Your headbutt misses the two-headed ogre.
The two-headed ogre is severely wounded.
The two-headed ogre hits you with a giant club!!
The two-headed ogre hits you with a giant club!
* * * LOW HITPOINT WARNING * * *
You slash the two-headed ogre!
The two-headed ogre is almost dead.
The two-headed ogre barely misses you. The two-headed ogre closely misses you.
You hit the two-headed ogre.
Your headbutt misses the two-headed ogre.
The two-headed ogre is almost dead.
The two-headed ogre hits you with a giant club!
* * * LOW HITPOINT WARNING * * *
The two-headed ogre hits you with a giant club!
You die...

#... #... ## #...
### .P# #... #.#
≈.# #... .
#.#.≈≈# #... ..
##'#..≈# #... ...
##.....≈#.# #...
.... ##@†......#
#...
.....#O........#
#...
...........#+#.##
#... ....##....#
#..# #... .....
##...###..# #...
.... #........##
#... ...
##........####...
...
#...........##(.
+.............(.


You could see a two-headed ogre.

Vanquished Creatures
  Pikel (D:6)
  Grinder (D:4)
  A yak (D:8)
  A hungry ghost (D:8)
  A human (D:8)
  3 hogs (D:8)
  Menkaure (D:6)
  Edmund (D:6)
  2 orc warriors (D:8)
  A hornet zombie (D:8)
  An ice beast (D:6)
  A phantom (D:7)
  2 black bears
  6 ogres
  3 slaves (D:6)
  3 centaurs
  Blork the orc (D:6)
  A big kobold (D:7)
  A water moccasin zombie (D:6)
  4 killer bees (D:8)
  5 electric eels (D:6)
  2 howler monkeys
  A bullfrog zombie (D:5)
  3 jellies (D:6)
  4 orc priests
  2 iguanas
  7 orc wizards
  5 worker ants
  A hound zombie (D:6)
  A mummy (D:4)
  A worker ant zombie (D:5)
  3 gnolls (D:8)
  9 adders
  A shadow imp (D:5)
  An ooze (D:2)
  An adder zombie (D:7)
  An adder skeleton (D:7)
  A worm (D:3)
  2 dart slugs (D:2)
  3 leopard geckos
  25 orcs
  5 ball pythons
  2 giant cockroaches
  5 goblins
  5 hobgoblins
  4 jackals
  11 kobolds
  2 quokkas
  11 bats
  A frilled lizard (D:2)
  2 hobgoblin zombies (D:4)
  2 kobold zombies (D:4)
  A leopard gecko skeleton (D:4)
  A quokka skeleton (D:7)
  A quokka zombie (D:6)
  4 rats
172 creatures vanquished.

Vanquished Creatures (others)
  12 plants (D:6)
12 creatures vanquished.

Grand Total: 184 creatures vanquished

Notes
Turn   | Place    | Note
-------+----------+-------------------------------------------
     0 | D:1      | kae the Minotaur Fighter began the quest for the Orb.
     0 | D:1      | Reached XP level 1. HP: 19/19 MP: 0/0
   533 | D:1      | Reached XP level 2. HP: 27/27 MP: 1/1
   605 | D:2      | Reached skill level 3 in Long Blades
   618 | D:2      | Reached skill level 1 in Dodging
   625 | D:2      | Reached XP level 3. HP: 32/33 MP: 2/2
   664 | D:2      | Found a radiant altar of Vehumet.
  1072 | D:2      | Reached XP level 4. HP: 40/40 MP: 3/3
  1277 | D:3      | Reached skill level 4 in Long Blades
  1347 | D:3      | Found a stormy altar of Qazlal.
  1442 | D:3      | Reached XP level 5. HP: 38/47 MP: 4/4
  1740 | D:4      | Noticed an ogre
  1748 | D:4      | Killed an ogre
  1748 | D:4      | Reached skill level 5 in Long Blades
  1748 | D:4      | Reached XP level 6. HP: 18/55 MP: 5/5
  2054 | D:4      | Noticed Grinder
  2058 | D:4      | Paralysed by Grinder for 4 turns
  2065 | D:4      | Killed Grinder
  2065 | D:4      | Reached skill level 5 in Fighting
  2065 | D:4      | Reached skill level 5 in Armour
  2530 | D:5      | Entered Level 5 of the Dungeon
  2552 | D:5      | Found a shadowy altar of Dithmenos.
  2552 | D:5      | Found a shimmering altar of Xom.
  2555 | D:5      | Found a snail-covered altar of Cheibriados.
  2555 | D:5      | Found a glowing golden altar of the Shining One.
  2557 | D:5      | Found a sparkling altar of Nemelex Xobeh.
  2557 | D:5      | Found an opulent altar of Gozag.
  2582 | D:5      | Reached skill level 6 in Long Blades
  2674 | D:5      | Reached XP level 7. HP: 61/61 MP: 6/6
  2704 | D:5      | Found a glowing golden altar of the Shining One.
  2813 | D:5      | Found a glowing golden altar of the Shining One.
  3635 | D:6      | Found a staircase to the Ecumenical Temple.
  3644 | D:6      | Noticed Blork the orc
  3653 | D:6      | Killed Blork the orc
  3653 | D:6      | Reached skill level 7 in Long Blades
  3684 | Temple   | Entered the Ecumenical Temple
  3812 | Temple   | Became a worshipper of Makhleb the Destroyer
  3985 | D:6      | Reached XP level 8. HP: 54/70 MP: 7/7
  3995 | D:6      | Noticed Edmund
  4024 | D:6      | Killed Edmund
  4309 | D:6      | Noticed Menkaure
  4316 | D:6      | Killed Menkaure
  4316 | D:6      | Reached skill level 8 in Long Blades
  4563 | D:6      | Reached skill level 5 in Dodging
  4939 | D:6      | Found a blossoming altar of Fedhas.
  4979 | D:6      | Reached skill level 9 in Long Blades
  4981 | D:6      | Noticed Pikel
  5000 | D:6      | Killed Pikel
  5000 | D:6      | Reached XP level 9. HP: 61/79 MP: 8/8
  5320 | D:7      | Reached * piety under Makhleb
  5764 | D:7      | Reached skill level 1 in Invocations
  5794 | D:7      | Reached skill level 10 in Long Blades
  6390 | D:8      | Reached ** piety under Makhleb
  6548 | D:8      | Reached XP level 10. HP: 52/89 MP: 9/11
  6559 | D:8      | Reached skill level 11 in Long Blades
  6892 | D:8      | Noticed a two-headed ogre
  6906 | D:8      | Slain by a two-headed ogre

Vault maps used:
D:1:      minmay_arrival_doors
D:2:      lemuel_crystal_altar
D:3:      grunt_qazlal_sundering
D:4:      minmay_mini_ossuary, uniq_grinder
D:5:      grunt_temple_overflow_open, basic_altar, first_ration,
          nicolae_tso_carved_into_rock
D:6:      minmay_temple_entry_water_ring, serial_bayou, serial_bayou_crossing,
          serial_bayou_pond_e, serial_bayou_lake_a, serial_bayou_lagoon_a,
          serial_bayou_shore_b, serial_bayou_pond_d, basic_altar, minivault_23,
          uniq_menkaure, uniq_blork_the_orc, uniq_pikel, uniq_edmund
D:8:      wad_cavern_with_rooms, serial_shops, shop, grunt_livestock,
          minmay_orc_keep, uniq_prince_ribbit1, uniq_maurice
Temple:   regret_index_temple_waves

Skill      XL: |  1  2  3  4  5  6  7  8  9 10 |
---------------+-------------------------------+-----
Long Blades    | 3 4 5 6 7 9 10 11 | 11.1
Dodging        | 1 2 3 4 5 6 7 |  7.0
Armour         | 4 5 6 7 8 |  8.6
Fighting       | 4 5 6 7 8 |  8.5
Invocations    | 2 3 |  3.1
Shields        | |  3.6

Action                   |  1- 3 |  4- 6 |  7- 9 | 10-12 || total
-------------------------+-------+-------+-------+-------++-------
Melee: Long sword        |    82 |   110 |   341 |    50 ||   583
       Headbutt          |     9 |    18 |    71 |     8 ||   106
Evoke: Wand              |       |       |     6 |       ||     6
  Use: Scroll            |       |    11 |     6 |       ||    17
       Potion            |       |     1 |     2 |     1 ||     4
  Eat: Chunk             |       |     3 |    12 |     2 ||    17
       Ration            |       |     1 |     1 |       ||     2
Armor: Scale mail        |    34 |    20 |       |       ||    54
       Plate armour      |       |    19 |   192 |    16 ||   227
Dodge: Dodged            |    29 |    30 |    84 |     8 ||   151
Block: Shield            |    51 |    50 |   140 |    20 ||   261
       Rpst.: Long sword |    12 |     8 |    24 |     2 ||    46

Table legend:
 A = Spawn XP
 B = Non-spawn XP
 C = Spawn XP percentage of total XP
 D = Spawn monster count
 E = Non-spawn monster count
 F = Spawn count percentage of total count
 G = Total turns spent on level
                    A         B        C        D         E        F      G
               +---------+---------+-------+---------+---------+-------+---------
         Total |       0 |    6526 |   0.0 |       0 |     169 |   0.0 |  6906
               +---------+---------+-------+---------+---------+-------+---------
           D:1 |       0 |      13 |   0.0 |       0 |       8 |   0.0 |   592
           D:2 |       0 |      88 |   0.0 |       0 |      21 |   0.0 |   595
           D:3 |       0 |     127 |   0.0 |       0 |      29 |   0.0 |   476
           D:4 |       0 |     464 |   0.0 |       0 |       9 |   0.0 |   867
           D:5 |       0 |     115 |   0.0 |       0 |       7 |   0.0 |  1050
           D:6 |       0 |    2507 |   0.0 |       0 |      43 |   0.0 |  1893
           D:7 |       0 |    1108 |   0.0 |       0 |      26 |   0.0 |   724
           D:8 |       0 |    2104 |   0.0 |       0 |      26 |   0.0 |   554
               +---------+---------+-------+---------+---------+-------+---------
